 Dungeon Crawl Stone Soup version 0.29-a0-284-gf9362112df (webtiles) character file.

Game seed: 126543447823371960

3028 spaghetti the Nimble (level 9, -1/96 HPs)
             Began as an Octopode Berserker on Mar 14, 2022.
             Was a Priest of Trog.
             Slain by an orc
             ... wielding a +0 short sword
              (4 damage)
             ... on level 8 of the Dungeon.
             The game lasted 00:09:43 (8162 turns).

spaghetti the Nimble (Octopode Berserker)           Turns: 8162, Time: 00:09:44

Health: -1/96      AC:  1    Str: 16    XL:     9   Next: 85%
Magic:  18/18      EV: 19    Int: 10    God:    Trog [***...]
Gold:   319        SH:  0    Dex: 15    Spells: 8/8 levels left

rFire   . . .      SeeInvis .   p - +0 dagger (elec) {short}
rCold   . . .      Faith    .   (no shield)
rNeg    . . .      Spirit   .   (helmet restricted)
rPois   .          Reflect  .   (no amulet)
rElec   .          Harm     .   n - ring of magical power
rCorr   .          Rampage  .   (no ring)
Will    .....                   (no ring)
Stlth   ..........              (no ring)
HPRegen 0.26/turn               (no ring)
MPRegen 0.16/turn               (no ring)
                                (no ring)
                                (no ring)

@: berserking (expiring), lethally poisoned (-1 -> -10), very quick
A: almost no armour, amphibious, 8 rings, camouflage 1, gelatinous body 1,
(nimble swimmer 1), tentacles
a: Renounce Religion, Berserk, Trog's Hand


You were on level 8 of the Dungeon.
You worshipped Trog.
Trog was most pleased with you.
You visited 1 branch of the dungeon, and saw 8 of its levels.

You collected 319 gold pieces.


Innate Abilities, Weirdness & Mutations

You cannot wear most types of armour.
You are amphibious.
You can wear up to eight rings at the same time.
Your skin changes colour to match your surroundings (Stealth+).
Your rubbery body absorbs attacks. (AC +1, EV +1)
((You are camouflaged when in or above water. (Stealth+)))
You have tentacles for arms and can constrict up to eight enemies at once.


   Skills:
 + Level 7.2 Fighting
 - Level 3.0 Long Blades
 + Level 12.0 Dodging


You had 8 spell levels left.
You didn't know any spells.
Your spell library contained the following spells:

 Spells                   Type           Power      Damage    Failure   Level
 Animate Skeleton         Necr           0%         N/A       36%         1
 Pain                     Necr           0%         1d4       36%         1
 Static Discharge         Conj/Air       0%         N/A       50%         2
 Summon Guardian Golem    Hex/Summ       0%         N/A       75%         3
 Vampiric Draining        Necr           0%         2d6       75%         3
 Dispel Undead            Necr           0%         3d6       98%         4
 Sticky Flame             Conj/Fire      0%         2d3       98%         4
 Orb of Destruction       Conj           0%         9d5       100%        7
 Spellforged Servitor     Conj/Summ      0%         N/A       100%        7

Inventory:

Hand Weapons
 a - a +0 falchion {long}
 j - a +2 quarterstaff of chaos {staff}
   (You took it off Crazy Yiuf on level 2 of the Dungeon)
 m - a +0 falchion of holy wrath {long}
   (You took it off an orc on level 3 of the Dungeon)
 o - the +2 dagger of the Valley {antimagic, SInv, short}
   (You found it on level 3 of the Dungeon)

   It reduces the magical energy of the wielder, and disrupts the spells and
   magical abilities of those it strikes.
   Natural abilities and divine invocations are not affected.
   SInv:      It lets you see invisible.
 p - a +0 dagger of electrocution (weapon) {short}
   (You found it on level 4 of the Dungeon)
 s - a +0 dagger of flaming {short}
   (You found it on level 4 of the Dungeon)
 t - a +0 rapier {short}
   (You found it on level 4 of the Dungeon)
Missiles
 b - 192 stones (quivered) {throwing}
 l - 18 poisoned darts {throwing}
 B - 3 atropa-tipped darts {throwing}
 C - a curare-tipped dart {=fthrowing}
Jewellery
 n - a ring of magical power (left tentacle)
   (You found it on level 3 of the Dungeon)
Wands
 y - a wand of polymorph (11)
   (You took it off Duvessa on level 6 of the Dungeon)
Scrolls
 f - a scroll of silence {!r}
 k - a scroll of vulnerability {!r!r}
 A - a scroll of magic mapping {!r}
Potions
 c - a potion of brilliance
 d - a potion of cancellation
 e - 3 potions of flight
 g - 6 potions of curing {@q1}
 h - a potion of magic
 i - 2 potions of ambrosia {unknown}
 q - a potion of berserk rage {unknown}
 r - 4 potions of mutation {unknown}
 u - a potion of heal wounds {unknown}
 v - 3 potions of haste {unknown}
 w - a potion of might {unknown}
 x - a potion of attraction {unknown}
 F - a potion of lignification {unknown}

Dungeon Overview and Level Annotations

Branches:
Dungeon (8/15)             Temple (0/1) D:4
   Lair: D:8-11

Altars:
Nemelex Xobeh
Trog
Uskayaw

Annotations:
D:8 Grum

#.# #h5.5. ##...
#.# #...hz.##.§.≈
#.# #.z5zK##...§§
#.#...g..##...≈§§
.# ##..≈§.. ..#
###...≈$.# ###..##
#.'S..≈.##
#)....#'#.'.....#
#@l.......'...§.#
#ooy......#...≈..#
#..g......##..§≈..
#.........##...§≈.
...........##...≈≈
#....$..... #...≈
#####.#.##. #...
...#


You could see Grum (very poisoned, ally target), a wyvern, 2 orcs and a friendly
killer bee (summoned).


Message History

The wyvern completely misses your killer bee.
The lemure hits your orc.
Your orc dies!
Your orc's corpse dissolves into shadows!
Grum misses you. Pikel closely misses you.
The wolf barely misses your killer bee.
Your killer bee barely misses Pikel.
Your killer bee stings Pikel!
You hit Pikel.
You kill Pikel!
Trog accepts your kill.
With Pikel's spell broken, his former minion thanks you for its freedom.
The lemure departs this earthly plane.
The wyvern misses your killer bee. The wolf barely misses your killer bee.
Your killer bee barely misses the water moccasin.
Grum hits you from afar with a -2 spear of venom.
You are poisoned. 😮 HP[-4]
You now have 94 max hp (+1).
You take 4 damage, and now have 58/94 hp.
You hit the water moccasin. You grab the water moccasin.
You squeeze the water moccasin!
You constrict the water moccasin, but do no damage.
You feel sick.
Your killer bee misses the wolf. x2
The water moccasin bites you.
You are more poisoned.
The water moccasin poisons you! 😮 HP[-5]
You take 5 damage, and now have 53/94 hp.
You barely miss the water moccasin. You constrict the water moccasin.
You feel very sick.
Your killer bee stings the water moccasin.
The wyvern bites your killer bee!
Your killer bee dies!
Your killer bee's corpse dissolves into shadows!
The wolf misses you.
The water moccasin completely misses you.
Grum misses you. 😮 HP[-3]
You take 3 damage, and now have 50/94 hp.
You puncture the water moccasin!
You kill the water moccasin!
Trog accepts your kill.
You feel sick. The wolf barely misses you.
Your Fighting skill increases to level 7!
Your Dodging skill increases to level 12! 😮 HP[-1]
You now have 96 max hp (+2).
You puncture the wolf!
You kill the wolf!
Trog accepts your kill.
You feel very sick. The wyvern misses you. Grum barely misses you.
Your killer bee stings Grum but does no damage. 😨 HP[-3]
You take 3 damage, and now have 46/96 hp.
You puncture the wyvern!
You feel sick.
Your killer bee stings Grum.
The wyvern bites you.
* * * LOW HITPOINT WARNING * * *
The orc hits you with a +0 short sword.
* * * LOW HITPOINT WARNING * * *
The orc hits you with a +0 dagger.
* * * LOW HITPOINT WARNING * * *
Grum hits you from afar with a -2 spear of venom!
* * * LOW HITPOINT WARNING * * *
You are more poisoned. 😨 HP[-18]
You take 18 damage, and now have 28/96 hp.
You closely miss the wyvern.
You feel very sick.
Your killer bee closely misses Grum.
The wyvern bites you.
* * * LOW HITPOINT WARNING * * *
😱 HP[-4]
You take 4 damage, and now have 24/96 hp.
You barely miss the wyvern.
You feel very sick.
Your killer bee barely misses Grum.
The wyvern completely misses you. The orc barely misses you.
The orc closely misses you. Grum completely misses you.
Your killer bee barely misses Grum. 😱 HP[-3]
You take 3 damage, and now have 21/96 hp.
Unknown command.
You hit the wyvern. You squeeze the wyvern!
You feel sick. The wyvern barely misses you.
Your killer bee closely misses Grum. 😱 HP[-1]
You take 1 damage, and now have 20/96 hp.
Unknown command.
Unknown command.
Unknown command.
You barely miss the wyvern.
You feel sick. The orc hits you with a +0 dagger.
* * * LOW HITPOINT WARNING * * *
The orc misses you. Grum completely misses you.
Your killer bee stings Grum!
Grum is poisoned.
Your killer bee poisons Grum! 😱 HP[-3]
You take 3 damage, and now have 17/96 hp.
You puncture the wyvern!
You feel sick. The wyvern bites you!
* * * LOW HITPOINT WARNING * * *
Your killer bee closely misses Grum.
The orc hits you with a +0 dagger.
* * * LOW HITPOINT WARNING * * *
The orc hits you with a +0 short sword.
You die...

Skill      XL: |  1  2  3  4  5  6  7  8  9 |
---------------+----------------------------+-----
Dodging        | 4 5 6 7 9 10 12 | 12.0
Fighting       | 4 7 |  7.2
Long Blades    | |  3.0

Action                   |  1- 3 |  4- 6 |  7- 9 || total
-------------------------+-------+-------+-------++-------
Melee: Falchion          |    43 |    13 |       ||    56
       Constrict         |    10 |    25 |    39 ||    74
       Tentacles         |     4 |    16 |    45 ||    65
       Quarterstaff      |       |    55 |       ||    55
       Punch             |       |     1 |     8 ||     9
       Dagger            |       |    45 |   193 ||   238
Throw: Stone             |       |     4 |     3 ||     7
Invok: Berserk           |     3 |     6 |    10 ||    19
Evoke: Wand              |       |       |     6 ||     6
  Use: Scroll            |       |     9 |     4 ||    13
       Potion            |       |       |     3 ||     3
 Stab: Sleeping          |     1 |     8 |     6 ||    15
       Paralysed         |       |       |     5 ||     5
Armor: Skin              |       |     6 |     3 ||     9
Dodge: Dodged            |    25 |    75 |   122 ||   222

Levels and vault maps discovered:
D:1:      dpeg_arrival_pits, layout_basic
D:2:      layout_loops_corners, basic_altar, grunt_ministairs_13, uniq_terence,
          uniq_crazy_yiuf_cottage
D:3:      layout_basic, chequers_serial_rivers_small_3,
          chequers_serial_rivers_micro_a
D:4:      cheibrodos_old_hovel, layout_basic, minmay_temple_entry_offerings,
          minmay_snake_closets
D:5:      layout_cave_pods, trog_ov_bears_minmay, old_standard_altar,
          eino_tiny_chamber
D:6:      layout_loops_ring, uniq_duvessa
D:7:      layout_rooms, hellmonk_ghost_happy_afterlife
D:8:      layout_basic, david_lair_shrubbed, kennysheep_donut, uniq_grum,
          uniq_pikel

Notes
Turn   | Place    | Note
-------+----------+-------------------------------------------
     0 | D:1      | spaghetti the Octopode Berserker began the quest for the
                  | Orb.
     0 | D:1      | Reached XP level 1. HP: 16/16 MP: 1/1
     0 | D:1      | magus.rc [v1.9.6]
    48 | D:2      | You pick up a book of Dangerous Friends {forbidden} and
                  | begin reading...
    48 | D:2      | You add the spells Summon Guardian Golem, Orb of
                  | Destruction and Spellforged Servitor to your library.
   153 | D:3      | Reached XP level 2. HP: 10/21 MP: 2/2
   744 | D:2      | Found a sparkling altar of Nemelex Xobeh.
   827 | D:2      | Reached skill level 4 in Dodging
   827 | D:2      | Reached XP level 3. HP: 24/26 MP: 3/3
  1077 | D:2      | Noticed Terence
  1083 | D:2      | HP: 8/39 [Terence/+0 trident (6)]
  1086 | D:2      | Killed Terence
  1087 | D:2      | Reached skill level 5 in Dodging
  1087 | D:2      | Reached XP level 4. HP: 9/31 MP: 4/4
  1804 | D:2      | Found a runed translucent door.
  1805 | D:2      | Noticed Crazy Yiuf
  1895 | D:2      | Killed Crazy Yiuf
  1896 | D:2      | Reached XP level 5. HP: 36/36 MP: 5/5
  1946 | D:3      | Reached ** piety under Trog
  2253 | D:3      | Reached skill level 6 in Dodging
  2618 | D:3      | HP: 8/36 [something (3)]
  2619 | D:3      | HP: 3/36 [something (3)]
  2904 | D:3      | Identified the +2 dagger of the Valley {antimagic, SInv}
  3488 | D:4      | Found a staircase to the Ecumenical Temple.
  3494 | D:4      | You pick up a book of Necromancy {forbidden} and begin
                  | reading...
  3494 | D:4      | You add the spells Pain, Animate Skeleton and Vampiric
                  | Draining to your library.
  3516 | D:4      | Reached XP level 6. HP: 42/42 MP: 6/6
  3931 | D:4      | Reached *** piety under Trog
  4093 | D:4      | Reached skill level 7 in Dodging
  4227 | D:4      | Reached XP level 7. HP: 45/46 MP: 7/7
  4422 | D:5      | Entered Level 5 of the Dungeon
  4516 | D:5      | Found a bloodstained altar of Trog.
  4522 | D:5      | Reached skill level 8 in Dodging
  4553 | D:5      | Found a hide-covered altar of Uskayaw.
  5041 | D:5      | Reached skill level 9 in Dodging
  5342 | D:6      | Reached XP level 8. HP: 35/52 MP: 8/8
  5857 | D:6      | Noticed Dowan
  5857 | D:6      | Noticed Duvessa
  5870 | D:6      | Killed Dowan
  5871 | D:6      | Killed Duvessa
  5872 | D:6      | Reached skill level 10 in Dodging
  6105 | D:6      | You pick up a book of Touch {forbidden} and begin
                  | reading...
  6105 | D:6      | You add the spells Static Discharge, Sticky Flame and
                  | Dispel Undead to your library.
  6569 | D:7      | Found a runed translucent door.
  6569 | D:7      | Noticed SirDiesAlot's ghost (amateur DEAE)
  6584 | D:7      | Reached skill level 4 in Fighting
  7049 | D:7      | Reached XP level 9. HP: 39/60 MP: 9/9
  7105 | D:7      | Reached skill level 5 in Fighting
  7234 | D:7      | Reached skill level 11 in Dodging
  7679 | D:7      | Killed SirDiesAlot's ghost
  7951 | D:8      | Noticed Pikel
  8054 | D:8      | Noticed Grum
  8082 | D:8      | Reached skill level 6 in Fighting
  8152 | D:8      | Killed Pikel
  8156 | D:8      | Reached skill level 7 in Fighting
  8156 | D:8      | Reached skill level 12 in Dodging
  8158 | D:8      | HP: 24/96 [wyvern (1)]
  8162 | D:8      | HP: 5/96 [wyvern (10)]
  8162 | D:8      | Slain by an orc

Vanquished Creatures
  Pikel (D:8)
  A water moccasin (D:8)
  The ghost of SirDiesAlot the Magician, an amateur DEAE (D:7)
  Duvessa (D:6)
  3 black bears
  4 ice beasts
  2 ogres
  2 wolves (D:8)
  3 lemures (D:8)
  A kobold brigand (D:7)
  3 necrophages
  A bullfrog (D:8)
  A scorpion (D:7)
  3 wights (D:8)
  Dowan (D:6)
  2 howler monkeys
  2 jellies
  Crazy Yiuf (D:2)
  3 hounds
  An orc priest (D:8)
  Terence (D:2)
  2 iguanas
  3 orc wizards
  12 adders
  3 white imps
  2 worms
  29 orcs
  12 ball pythons
  2 bats
  9 endoplasms
  3 giant cockroaches
  3 goblins (D:2)
  4 hobgoblins
  9 jackals
  8 kobolds
  4 quokkas
  2 frilled lizards
  2 rats
147 creatures vanquished.

Vanquished Creatures (others)
  2 plants (D:4)
2 creatures vanquished.

Grand Total: 149 creatures vanquished

Table legend:
 A = Non-vault XP
 B = Vault XP
 C = Vault XP percentage of total XP
 D = Non-vault monster count
 E = Vault monster count
 F = Vault count percentage of total count
                 A         B        C        D         E       F
            +---------+---------+-------+---------+---------+-------
      Total |    2646 |    1680 |  38.8 |     120 |      24 |  16.7
            +---------+---------+-------+---------+---------+-------
        D:1 |       1 |       0 |   0.0 |       1 |       0 |   0.0
        D:2 |      81 |      83 |  50.6 |      20 |       4 |  16.7
        D:3 |     143 |       0 |   0.0 |      26 |       0 |   0.0
        D:4 |     242 |      77 |  24.1 |      21 |      12 |  36.4
        D:5 |     255 |     256 |  50.1 |       8 |       2 |  20.0
        D:6 |     280 |     215 |  43.4 |      11 |       2 |  15.4
        D:7 |     952 |     151 |  13.7 |      21 |       1 |   4.5
        D:8 |     692 |     898 |  56.5 |      12 |       3 |  20.0
            +---------+---------+-------+---------+---------+-------

Illustrated notes

Table legend:
 A = Kills in this place as a percentage of kills in entire the game.
 B = Kills by you in this place as a percentage of kills by you in the entire game.
 C = Kills by friends in this place as a percentage of kills by friends in the entire game.
 D = Other kills in this place as a percentage of other kills in the entire game.
 E = Experience gained in this place as a percentage of experience gained in the entire game.
 F = Experience gained in this place divided by the number of levels of this place that you have seen.
                   A       B       C       D       E      F
               +-------+-------+-------+-------+-------+----------------------
         Total | 100.0 | 100.0 |   N/A |   N/A | 100.0 | 540.8
       Dungeon | 100.0 | 100.0 |   N/A |   N/A | 100.0 | 540.8
               +-------+-------+-------+-------+-------+----------------------

Table legend: (Time is in decaauts)
 A = Elapsed time spent in this place.
 B = Non-inter-level travel time spent in this place.
 C = Inter-level travel time spent in this place.
 D = Time resting spent in this place.
 E = Time spent auto-exploring this place.
 F = Levels seen in this place.
 G = Mean time per level.
                   A        B        C        D        E       F      G
               +--------+--------+--------+--------+--------+-----+--------+
         Total |   8303 |   8128 |    175 |   2369 |   4828 |   8 | 1037.9 |
       Dungeon |   8303 |   8128 |    175 |   2369 |   4828 |   8 | 1037.9 |
               +--------+--------+--------+--------+--------+-----+--------+

Top non-repeatable levels by time:
     D:2: 1900 daAuts
     D:3: 1579 daAuts
     D:7: 1330 daAuts
     D:6: 1161 daAuts
     D:4: 993 daAuts
     D:5: 885 daAuts
     D:8: 410 daAuts
     D:1: 43 daAuts
